 Dungeon Crawl Stone Soup version 0.20.1-1-g8b1a95d66d (webtiles) character file.

324 Jynx the Changer (level 6, -5/47 HPs)
             Began as a Draconian Transmuter on Dec 30, 2017.
             Slain by an ogre
             ... wielding a +0 giant club
              (31 damage)
             ... on level 4 of the Dungeon.
             The game lasted 00:08:57 (4892 turns).

Jynx the Changer (Draconian Transmuter)             Turns: 4892, Time: 00:08:58

Health: -5/47      AC:  6    Str: 12    XL:     6   Next: 23%
Magic:  5/11       EV: 12    Int: 13    God:
Gold:   191        SH:  0    Dex: 14    Spells: 6/12 levels left

rFire    . . .     SeeInvis .     - Unarmed
rCold    . . .     Gourm    .   (no shield)
rNeg     . . .     Faith    .   (armour unavailable)
rPois    .         Spirit   .   (helmet restricted)
rElec    .         Reflect  .   (no cloak)
rCorr    .         Harm     .   (no gloves)
MR       .....                  (no boots)
Stlth    +.........             (no amulet)
Regen    0.2/turn               p - ring of wizardry
MPRegen  0.2/turn               (no ring)

@: appendage
A: unfitting armour, horns 2, cold-blooded, AC +6
a: End Transformation


You were on level 4 of the Dungeon.
You were not hungry.
You had grown temporary horns.
You visited 1 branch of the dungeon, and saw 4 of its levels.

You collected 191 gold pieces.

Inventory:

Missiles
 a - 16 arrows
Jewellery
 p - a ring of wizardry (left hand)
Wands
 l - a wand of polymorph (8/24)
Scrolls
 i - a scroll of remove curse
 o - a scroll of recharging
Potions
 e - 2 potions of lignification
 g - a potion of degeneration {unknown}
 h - a potion of heal wounds {unknown}
 j - 2 potions of agility
 k - a potion of flight {unknown}
Books
 b - a book of Changes

   Spells                             Type                      Level
   a - Beastly Appendage              Transmutation                1
   b - Sticks to Snakes               Transmutation                2
   c - Spider Form                    Transmutation/Poison         3
   d - Ice Form                       Ice/Transmutation            4
   e - Blade Hands                    Transmutation                5
Comestibles
 c - 10 bread rations
 d - 2 meat rations
 f - a royal jelly


   Skills:
 - Level 1.1 Fighting
 - Level 1.7 Dodging
 - Level 3.0 Unarmed Combat
 + Level 3.8 Spellcasting
 * Level 4.8 Transmutations
 + Level 2.2 Poison Magic


You had 6 spell levels left.
You knew the following spells:

 Your Spells              Type           Power        Failure   Level  Hunger
a - Beastly Appendage     Tmut           ###...       1%          1    None
b - Sticks to Snakes      Tmut           ###.....     1%          2    ##.....
c - Spider Form           Tmut/Pois      ##........   6%          3    ###....


Dungeon Overview and Level Annotations

Branches:
Dungeon (4/15)
 Temple: D:4-7

Altars:


Innate Abilities, Weirdness & Mutations

Your plain brown scales are hard. (AC +6)
You cannot fit into any form of body armour.
You are cold-blooded and may be slowed by cold attacks.
You have a pair of horns on your head.


Message History

Your ball python bites the adder.
The adder dies!
Your adder bites the ogre.
The ogre is poisoned.
Your adder poisons the ogre!
The ogre misses your ball python.
Casting: Sticks to Snakes
Confirm with . or Enter, or press ? or * to list all spells.
You fail to extend your transformation any further.
Your adder bites the ogre.
Your adder closely misses the ogre.
The ogre misses your ball python.
Your adder bites the ogre.
The ogre looks as sick as possible!
Your adder poisons the ogre!
You swap places.
The ogre hits you with a giant club!
Your adder bites the ogre.
You hit the ogre.
You headbutt the ogre, but do no damage.
The ogre is severely wounded.
Your ball python barely misses the ogre.
The ogre hits you with a giant club!!
Ouch! That really hurt!
You die...

.....................
#......#............).
#......#........#.....
#.....................
###>....................
...........# #..........
...........#
#........รท#
...........#######.#....
#....@...........#..##
#...OSS#...#.....#..#
......S..#...#.....#..#
.......###...##.......+
....... #............#
....... #............#
....... #............##
#...... ...............
...........


You could see an ogre, a friendly adder and 2 friendly ball pythons.

Vanquished Creatures
  A hound (D:4)
  6 adders
  A shadow imp (D:4)
  An ooze (D:1)
  6 worms
  3 dart slugs
  3 leopard geckos
  An orc (D:3)
  2 ball pythons
  5 giant cockroaches
  11 goblins
  9 hobgoblins
  2 jackals (D:3)
  14 kobolds
  9 bats
  7 frilled lizards
  A leopard gecko skeleton (D:4)
  2 quokka skeletons (D:4)
  11 rats
95 creatures vanquished.

Vanquished Creatures (collateral kills)
  An ogre (D:4)
  4 gnolls (D:3)
  An adder (D:4)
  A worm (D:3)
  A dart slug (D:3)
  A ball python (D:3)
  A giant cockroach (D:4)
10 creatures vanquished.

Grand Total: 105 creatures vanquished

Notes
Turn   | Place    | Note
-------+----------+-------------------------------------------
     0 | D:1      | Jynx the Draconian Transmuter began the quest for the Orb.
     0 | D:1      | Reached XP level 1. HP: 16/16 MP: 3/3
   274 | D:1      | Reached XP level 2. HP: 21/23 MP: 3/5
   640 | D:1      | Reached skill level 3 in Transmutations
   677 | D:1      | Learned a level 2 spell: Sticks to Snakes
   891 | D:1      | Reached XP level 3. HP: 28/28 MP: 4/6
   896 | D:1      | Learned a level 3 spell: Spider Form
  1478 | D:2      | Reached XP level 4. HP: 19/35 MP: 8/8
  3075 | D:3      | Reached skill level 1 in Poison Magic
  3316 | D:3      | Reached skill level 4 in Transmutations
  3316 | D:3      | Reached XP level 5. HP: 31/40 MP: 6/10
  4075 | D:4      | Noticed an ogre
  4091 | D:4      | Killed an ogre
  4305 | D:4      | Reached XP level 6. HP: 22/47 MP: 11/11
  4892 | D:4      | Slain by an ogre

Skill      XL: |  1  2  3  4  5 |
---------------+----------------+-----
Transmutations | 3 4 |  4.8
Spellcasting   | 3 |  3.8
Poison Magic   | 1 2 |  2.2
Fighting       | |  1.1
Dodging        | |  1.7
Unarmed Combat | |  3.0

Action                   |  1- 3 |  4- 6 || total
-------------------------+-------+-------++-------
Melee: Unarmed           |   132 |   229 ||   361
       Kick              |     8 |    18 ||    26
       Tailslap          |     8 |    25 ||    33
       Headbutt          |    10 |     8 ||    18
       Punch             |     1 |     1 ||     2
 Cast: Beastly Appendage |    22 |    40 ||    62
       Sticks to Snakes  |       |    13 ||    13
       Spider Form       |       |     1 ||     1
  Use: Scroll            |     2 |     7 ||     9
  Eat: Chunk             |     2 |    12 ||    14
Armor: Skin              |    51 |    78 ||   129
Dodge: Dodged            |    95 |   149 ||   244
